 Dungeon Crawl Stone Soup version 0.27-a0-679-g77a6b55cf3 (webtiles) character file.

Game seed: 5880318372306387631

139 Aapotti the Conjurer (level 4, -5/33 HPs)
             Began as a Demigod Conjurer on Mar 19, 2021.
             Slain by an orc warrior
             ... wielding a +0 hand axe
              (13 damage)
             ... on level 3 of the Dungeon.
             The game lasted 00:07:54 (2253 turns).

Aapotti the Conjurer (Demigod Conjurer)             Turns: 2253, Time: 00:07:55

Health: -5/33      AC:  2    Str:  8    XL:     4   Next: 70%
Magic:  1/11       EV: 12    Int: 24    God:
Gold:   101        SH:  0    Dex: 12    Spells: 2/9 levels left

rFire    . . .     SeeInvis .   g - +0 quarterstaff
rCold    . . .     Faith    .   (shield currently unavailable)
rNeg     . . .     Spirit   .   a - +0 robe
rPois    .         Reflect  .   (no helmet)
rElec    .         Harm     .   (no cloak)
rCorr    .         Rampage  .   (no gloves)
Will     .....                  (no boots)
Stlth    ++........             (no amulet)
HPRegen  0.11/turn              (no ring)
MPRegen  0.12/turn              (no ring)

@: about to teleport
A: high mp 1, forlorn
a: no special abilities


You were on level 3 of the Dungeon.
You visited 1 branch of the dungeon, and saw 5 of its levels.

You collected 101 gold pieces.

Inventory:

Hand Weapons
 g - a +0 quarterstaff (weapon)
Armour
 a - a +0 robe (worn)
 b - a +0 leather armour
Jewellery
 h - a ring of fire
Wands
 j - a wand of random effects (11)
Scrolls
 i - a scroll of fear {unknown}
 m - a scroll of blinking {unknown}
 n - a scroll of fog {unknown}
 o - a scroll of immolation {unknown}
 p - a scroll of brand weapon {unknown}
Potions
 c - a potion of cancellation {unknown}
 e - a potion of might {unknown}
 f - 2 potions of haste {unknown}
 k - a potion of heal wounds {unknown}
 l - a potion of resistance {unknown}


   Skills:
 - Level 1.7 Dodging
 - Level 1.8 Stealth
 + Level 3.0 Spellcasting
 + Level 4.9 Conjurations
 + Level 0.7 Hexes


You had 2 spell levels left.
You knew the following spells:

 Your Spells              Type           Power      Damage    Failure   Level
a - Magic Dart            Conj           100%       1d8       1%          1
b - Searing Ray           Conj           54%        3d5       2%          2
c - Fulminant Prism       Conj/Hex       8%         3d7       32%         4

Your spell library contained the following spells:

 Spells                   Type           Power      Damage    Failure   Level
 Dazzling Flash           Conj/Hex       34%        N/A       10%         3
 Confusing Touch          Hex            7%         N/A       24%         3
 Gell's Gravitas          Tloc           1%         N/A       32%         3
 Iskenderun's Mystic Bla  Conj/Tloc      15%        2d5       36%         4
 Petrify                  Tmut/Erth      3%         N/A       71%         4
 Metabolic Englaciation   Hex/Ice        2%         N/A       95%         5
 Yara's Violent Unravell  Hex/Tmut       2%         3d3       95%         5


Dungeon Overview and Level Annotations

Branches:
Dungeon (5/15)
 Temple: D:4-7

Shops:
D:2 (


Innate Abilities, Weirdness & Mutations

Your attributes grow dramatically as you level up.
You have an increased reservoir of magic. (+10% MP)
You shall have no god before yourself.


Message History

Casting: Searing Ray (safe; 2% risk of failure)
Confirm with . or Enter, or press ? or * to list all spells.
Aiming: Searing Ray (safe; 2% risk of failure)
Press: ? - help, Shift-Dir - straight line, f/p - orc
Aim: an orc, wielding a +0 falchion and wearing a +0 leather armour (heavily wounded, 21% to evade)
The searing ray hits the orc!
You kill the orc! (Press . to maintain the ray.)
The searing ray hits the orc warrior.
The orc warrior is lightly wounded.
The searing ray hits the orc warrior.
The orc warrior is moderately wounded.
The searing ray hits the orc warrior.
The orc warrior is heavily wounded.
You finish channeling your searing ray.
An orc wizard comes into view. It is wielding a +0 dagger.
The orc wizard casts a spell at itself.
The orc wizard flickers and vanishes!
Deactivating autopickup; reactivate with Ctrl-A.
The orc warrior hits you with a +0 hand axe!
A rat comes into view.
Your magical contamination has completely faded away.
Found a scroll labelled YGIEJO QIOWU.
Okay, then.
As you read the scroll of teleportation, it crumbles to dust.
You feel strangely unstable.
The orc warrior hits you with a +0 hand axe!!
Ouch! That really hurt!
* * * LOW HITPOINT WARNING * * *
Casting: Searing Ray (safe; 2% risk of failure)
Confirm with . or Enter, or press ? or * to list all spells.
Aiming: Searing Ray (safe; 2% risk of failure)
Press: ? - help, Shift-Dir - straight line, f - orc warrior
Aim: an orc warrior, wielding a +0 hand axe and wearing a +0 chain mail (heavily wounded, 23% to evade)
The searing ray hits the orc warrior but does no damage.
The orc warrior is heavily wounded. (Press . to maintain the ray.)
The rat misses you.
The orc warrior hits you with a +0 hand axe!
You die...

# .#
##.##############.#
..?...r@o.....#...
#.#######..##.#.#.#...
.............).....
.#####.#######.####
#.# #.# #.# #.# #.


You could see an orc warrior and a rat.

Vanquished Creatures
  Jessica (D:2)
  5 adders
  3 leopard geckos
  An orc (D:3)
  7 bats
  2 giant cockroaches
  6 goblins
  11 hobgoblins
  4 jackals (D:1)
  A quokka (D:1)
  A ball python (D:1)
  5 frilled lizards
  6 kobolds
  10 rats
63 creatures vanquished.

Notes
Turn   | Place    | Note
-------+----------+-------------------------------------------
     0 | D:1      | Aapotti the Demigod Conjurer began the quest for the Orb.
     0 | D:1      | Reached XP level 1. HP: 14/14 MP: 5/5
   226 | D:1      | Reached skill level 4 in Conjurations
   297 | D:1      | Reached XP level 2. HP: 20/20 MP: 4/7
   302 | D:1      | Learned a level 2 spell: Searing Ray
   796 | D:1      | Reached XP level 3. HP: 26/26 MP: 3/9
  1505 | D:2      | Noticed Jessica
  1510 | D:2      | Killed Jessica
  1511 | D:2      | Reached XP level 4. HP: 33/33 MP: 4/10
  1566 | D:2      | Found Uragraiw's Weapon Shoppe.
  1624 | D:2      | Learned a level 4 spell: Fulminant Prism
  2217 | D:3      | You fall into a shaft and drop 2 floors!
  2217 | D:5      | Entered Level 5 of the Dungeon
  2238 | D:3      | Noticed an orc warrior
  2253 | D:3      | Slain by an orc warrior

Illustrated notes

Levels and vault maps discovered:
D:1:      tarquinn_simple_flora_water_e, layout_loops_ring,
          minmay_misc_feat_iff, feat_on_display
D:2:      layout_rooms, serial_shops, shop, lightli_corner_chamber, uniq_jessica
D:3:      layout_basic, old_standard_altar
D:4:      layout_basic
D:5:      layout_basic, grunt_decor_fettered, fedhas_ov_isle_minmay

Skill      XL: |  1  2  3  4 |
---------------+-------------+-----
Conjurations   | 4 |  4.9
Spellcasting   | 2 3 |  3.0
Dodging        | |  1.7
Stealth        | |  1.8
Hexes          | |  0.7

Action                   |  1- 3 |  4- 6 || total
-------------------------+-------+-------++-------
 Cast: Magic Dart        |    56 |    25 ||    81
       Searing Ray       |     9 |     5 ||    14
  Use: Scroll            |       |     3 ||     3
Armor: Robe              |     2 |     1 ||     3
Dodge: Dodged            |     3 |     2 ||     5

Table legend: (Time is in decaauts)
 A = Elapsed time spent in this place.
 B = Non-inter-level travel time spent in this place.
 C = Inter-level travel time spent in this place.
 D = Time resting spent in this place.
 E = Time spent auto-exploring this place.
 F = Levels seen in this place.
 G = Mean time per level.
                   A        B        C        D        E       F      G
               +--------+--------+--------+--------+--------+-----+--------+
         Total |   2251 |   2197 |     54 |    710 |   1138 |   5 |  450.2 |
       Dungeon |   2251 |   2197 |     54 |    710 |   1138 |   5 |  450.2 |
               +--------+--------+--------+--------+--------+-----+--------+

Top non-repeatable levels by time:
     D:1: 1269 daAuts
     D:2: 777 daAuts
     D:3: 189 daAuts
     D:4: 9 daAuts
     D:5: 5 daAuts
